 Dungeon Crawl Stone Soup version 0.28-a0-381-g937acc2988 (webtiles) character file.

Game seed: 227641266345958258

7021 freelancePsychic the Arsonist (level 10, -7/61 HPs)
             Began as a Deep Elf Fire Elementalist on Sept 2, 2021.
             Was a Believer of Vehumet.
             Killed by an exploding vampire mosquito (22 damage)
             ... ignited by their inner flame
             ... on level 10 of the Dungeon.
             The game lasted 00:24:10 (11841 turns).

freelancePsychic the Arsonist (DEFE)               Turns: 11841, Time: 00:24:11

Health: -7/61      AC:  9    Str:  6    XL:     10   Next: 82%
Magic:  17/22      EV: 13    Int: 23    God:    Vehumet [**....]
Gold:   607        SH:  0    Dex: 15    Spells: 10/23 levels left

rFire   . . .      SeeInvis .   f - +3 whip (venom)
rCold   . . .      Faith    .   (no shield)
rNeg    . . .      Spirit   .   y - +0 steam dragon scales
rPois   .          Reflect  .   s - +2 helmet
rElec   .          Harm     .   w - +0 cloak
rCorr   .          Rampage  .   (no gloves)
Will    +....                   (no boots)
Stlth   ++........              (no amulet)
HPRegen 0.20/turn               m - ring of wizardry
MPRegen 0.18/turn               (no ring)

@: slowed, very slow
A: no striking features
a: Renounce Religion


You were on level 10 of the Dungeon.
You worshipped Vehumet.
Vehumet was pleased with you.
You visited 2 branches of the dungeon, and saw 11 of its levels.

You collected 607 gold pieces.

Inventory:

Hand Weapons
 f - a +3 whip of venom (weapon)
 t - the +5 dagger of Hotobrih {vorpal, rC+ rCorr}
   (You found it on level 5 of the Dungeon)

   It inflicts extra damage upon your enemies.
   rC:        It protects you from cold.
   rCorr:     It protects you from acid and corrosion.
Missiles
 x - a throwing net
Armour
 s - a +2 helmet (worn)
 u - a scarf of shadows
 w - a +0 cloak (worn)
 y - +0 steam dragon scales (worn)
Magical Staves
 l - a staff of death
Jewellery
 m - a ring of wizardry (left hand)
Wands
 n - a wand of iceblast (32)
 p - a wand of charming (11)
 v - a wand of acid (3)
Scrolls
 e - 2 scrolls of fog
 r - 2 scrolls of amnesia
 A - a scroll of brand weapon
Potions
 b - 2 potions of lignification {unknown}
 c - 4 potions of curing {unknown}
 d - 2 potions of heal wounds {unknown}
 g - 2 potions of cancellation {unknown}
 i - a potion of flight {unknown}
 j - a potion of resistance {unknown}
 k - 2 potions of invisibility {unknown}
 o - a potion of might
 q - a potion of magic {unknown}
 z - 2 potions of berserk rage {unknown}
Miscellaneous
 a - a condenser vane


   Skills:
 + Level 6.6 Fighting
 - Level 3.7 Dodging
 - Level 2.4 Stealth
 + Level 2.4 Shields
 - Level 7.0 Spellcasting
 - Level 9.5 Conjurations
 - Level 2.2 Hexes
 + Level 11.1 Fire Magic


You had 10 spell levels left.
You knew the following spells:

 Your Spells              Type           Power      Damage    Failure   Level
a - Foxfire               Conj/Fire      100%       2x1d9     1%          1
b - Sticky Flame          Conj/Fire      53%        2d7       1%          4
c - Inner Flame           Hex/Fire       38%        N/A       1%          3
e - Fireball              Conj/Fire      26%        3d12      1%          5

Your spell library contained the following spells:

 Spells                   Type           Power      Damage    Failure   Level
 Magic Dart               Conj           100%       1d8       1%          1
 Conjure Flame            Conj/Fire      53%        6-21      1%          3
 Dazzling Flash           Conj/Hex       70%        N/A       1%          3
 Iskenderun's Mystic Bla  Conj/Tloc      30%        2d8       4%          4
 Starburst                Conj/Fire      26%        6d8       7%          6
 Gell's Gravitas          Tloc           4%         N/A       9%          3
 Lesser Beckoning         Tloc           8%         N/A       9%          3
 Teleport Other           Tloc           8%         N/A       9%          3
 Petrify                  Tmut/Erth      8%         N/A       28%         4
 Metabolic Englaciation   Hex/Ice        6%         N/A       45%         5
 Statue Form              Tmut/Erth      5%         N/A       98%         6


Dungeon Overview and Level Annotations

Branches:
Dungeon (10/15)            Temple (1/1) D:4            Lair (0/6) D:8
    Orc: D:9-12

Altars:
Ashenzari
Cheibriados
Dithmenos
Elyvilon
Fedhas
Gozag
Hepliaklqana
Kikubaaqudgha
Makhleb
Nemelex Xobeh
Okawaru
Qazlal
Ru
Sif Muna
Trog
Uskayaw
Vehumet
Wu Jian
Xom
Yredelemnul
Zin
The Shining One

Annotations:
D:3 Natasha
D:4 Dowan, Duvessa
D:7 Harold


Message History

You destroy the vampire mosquito!
Vehumet accepts your kill.
Vehumet offers you knowledge of Magic Dart.
You feel your power returning.
The fiery explosion engulfs the kobold!!
Vehumet accepts your kill.
The fiery explosion engulfs the vampire mosquito!!!
Vehumet accepts your kill.
You feel your power returning.
The vampire mosquito explodes!
The fiery explosion engulfs the vampire mosquito!!!
Vehumet accepts your kill.
The fiery explosion engulfs the kobold!!
Vehumet accepts your kill.
You feel your power returning.
The fiery explosion engulfs the kobold!!!
Vehumet accepts your kill.
You feel your power returning.
The fiery explosion engulfs the kobold!!
Vehumet accepts your kill.
You feel your power returning.
The kobold explodes! x2
The fiery explosion engulfs the kobold!!!
Vehumet accepts your kill.
You feel your power returning.
The fiery explosion engulfs the vampire mosquito!!
You destroy the vampire mosquito!
Vehumet accepts your kill.
You feel your power returning.
The kobold explodes!
The fiery explosion engulfs you.
* * * LOW HITPOINT WARNING * * *
The kobold explodes!
The fiery explosion engulfs the kobold!!
You kill the kobold!
Vehumet accepts your kill.
You feel your power returning.
The vampire mosquito explodes!
The fiery explosion engulfs you!!
You die...

...............≈.........#.#
..............≈≈≈........# ..
...............≈.......(##
...
.≈......................##.
...
≈≈≈........................K
.K
.≈.....§§≈......§§)§§........
K
......≈§≈≈§.....§○§§§........
....[.≈≈§≈≈.....§§§§§........
......≈§≈≈≈.....@§§§§........
)......≈§≈......§§§§≈....≈...
................§§§≈≈§..≈≈≈.
.................§§§§≈...≈.
............Z....§§§§§....
.................§≈≈≈.....
.........................
≈≈§............... ..
≈≈≈§.............


You could see a meliai zombie.

Vanquished Creatures
  Erica (D:8)
  A gargoyle (D:10)
  Prince Ribbit (D:5)
  A hornet (D:10)
  Sigmund (D:4)
  2 wyverns
  A vampire (D:9)
  5 yaks
  6 humans
  4 vampire mosquitoes (D:10)
  3 steam dragons
  Menkaure (D:4)
  Edmund (D:5)
  A water moccasin (D:8)
  3 orc warriors (D:8)
  3 black bears
  An ogre (D:6)
  2 sky beasts
  5 centaurs
  A kobold brigand (D:10)
  A gnoll sergeant (D:9)
  3 scorpions
  5 bullfrogs
  A howler monkey (D:8)
  6 centaur zombies
  5 hounds
  A centaur skeleton (D:4)
  A jelly (D:6)
  5 orc priests
  A scorpion zombie (D:5)
  A bullfrog skeleton (D:6)
  3 iguanas
  Ijyb (D:5)
  Natasha (D:3)
  2 orc wizards
  A killer bee zombie (D:7)
  A howler monkey zombie (D:7)
  6 gnolls (D:9)
  5 adders
  A shadow imp (D:7)
  A white imp (D:6)
  An ufetubus (D:5)
  2 adder skeletons (D:4)
  2 worms
  4 dart slugs
  28 orcs
  9 ball pythons
  4 bats
  5 endoplasms
  5 giant cockroaches
  8 goblins
  9 hobgoblins
  7 jackals
  3 quokkas
  3 frilled lizards
  16 kobolds
  5 rats
207 creatures vanquished.

Vanquished Creatures (collateral kills)
  6 foxfires (D:4)
6 creatures vanquished.

Vanquished Creatures (others)
  598 foxfires
  11 fungi (D:8)
  18 plants (D:8)
627 creatures vanquished.

Grand Total: 840 creatures vanquished

Notes
Turn   | Place    | Note
-------+----------+-------------------------------------------
     0 | D:1      | freelancePsychic the Deep Elf Fire Elementalist began the
                  | quest for the Orb.
     0 | D:1      | Reached XP level 1. HP: 10/10 MP: 6/6
    33 | D:1      | Reached XP level 2. HP: 8/15 MP: 0/8
   632 | D:1      | Reached skill level 4 in Fire Magic
   868 | D:1      | Reached XP level 3. HP: 19/19 MP: 5/9
  1879 | D:2      | Reached XP level 4. HP: 24/24 MP: 6/10
  2852 | D:3      | Noticed Natasha
  2858 | D:3      | Killed Natasha
  2859 | D:3      | Reached skill level 1 in Fighting
  2859 | D:3      | Noticed Natasha
  2871 | D:4      | Reached XP level 5. HP: 22/29 MP: 3/11
  3058 | D:4      | Reached skill level 5 in Fire Magic
  3313 | D:4      | Noticed Sigmund
  3322 | D:4      | Killed Sigmund
  3323 | D:4      | Reached XP level 6. HP: 36/36 MP: 3/12
  3395 | D:4      | Found an iron altar of Okawaru.
  3538 | D:4      | Noticed Duvessa
  3538 | D:4      | Noticed Dowan
  3548 | D:5      | Entered Level 5 of the Dungeon
  3551 | D:5      | Noticed an angel
  3590 | D:5      | Found a glowing silver altar of Zin.
  3593 | D:5      | Found a shimmering altar of Xom.
  3693 | D:5      | Noticed Prince Ribbit
  3699 | D:5      | Killed Prince Ribbit
  3700 | D:5      | Reached skill level 5 in Conjurations
  3700 | D:5      | Reached skill level 6 in Fire Magic
  3700 | D:5      | Reached XP level 7. HP: 41/41 MP: 6/13
  3805 | D:5      | Noticed Ijyb
  3811 | D:5      | Killed Ijyb
  4228 | D:5      | Noticed Edmund
  4415 | D:5      | Found a snail-covered altar of Cheibriados.
  4486 | D:5      | Learned a level 4 spell: Sticky Flame
  4711 | D:5      | Identified the +5 dagger of Hotobrih {vorpal, rC+ rCorr}
  4974 | D:5      | Found a hazy altar of Hepliaklqana.
  4994 | D:5      | Killed Edmund
  5079 | D:5      | Found a faded altar of an unknown god.
  5335 | D:6      | Reached skill level 7 in Fire Magic
  5335 | D:6      | Reached XP level 8. HP: 47/47 MP: 8/15
  5616 | D:6      | Reached skill level 5 in Spellcasting
  5622 | D:6      | Learned a level 5 spell: Fireball
  5796 | D:6      | Reached skill level 8 in Fire Magic
  6263 | D:6      | Reached XP level 9. HP: 51/51 MP: 14/20
  6870 | D:4      | Found a staircase to the Ecumenical Temple.
  6872 | D:4      | Noticed Menkaure
  6877 | Temple   | Entered the Ecumenical Temple
  7047 | Temple   | Became a worshipper of Vehumet
  7079 | D:4      | Killed Menkaure
  7611 | D:7      | Reached skill level 9 in Fire Magic
  7976 | D:7      | Noticed Harold
  8694 | D:8      | Found a hide-covered altar of Uskayaw.
  8707 | D:8      | Noticed Erica
  8714 | D:8      | Reached skill level 5 in Fighting
  8716 | D:8      | Killed Erica
  8716 | D:8      | Reached * piety under Vehumet
  8716 | D:8      | Offered knowledge of Sandblast by Vehumet.
  8717 | D:8      | Reached skill level 10 in Fire Magic
  8717 | D:8      | Reached XP level 10. HP: 14/59 MP: 13/22
  8970 | D:8      | Found a basalt altar of Yredelemnul.
  9046 | D:8      | Found a stormy altar of Qazlal.
  9051 | D:8      | Found a shadowy altar of Dithmenos.
  9223 | D:8      | Reached skill level 1 in Hexes
  9687 | D:8      | Learned a level 3 spell: Inner Flame
  9802 | D:8      | Found a staircase to the Lair.
 10310 | D:7      | Found a sacrificial altar of Ru.
 10310 | D:7      | Found a shimmering blue altar of Sif Muna.
 10958 | D:9      | Found an ancient bone altar of Kikubaaqudgha.
 11068 | D:9      | Reached skill level 1 in Shields
 11433 | D:9      | You fall into a shaft and drop 1 floor!
 11433 | D:10     | Entered Level 10 of the Dungeon
 11437 | D:10     | Noticed a gargoyle
 11440 | D:10     | Killed a gargoyle
 11578 | D:10     | Reached skill level 11 in Fire Magic
 11841 | D:10     | Offered knowledge of Magic Dart by Vehumet.
 11841 | D:10     | Reached ** piety under Vehumet
 11841 | D:10     | Killed by an exploding vampire mosquito... ignited by their
                  | inner flame

Illustrated notes

Levels and vault maps discovered:
D:1:      elethiomel_arrival_quiet, layout_rooms, minmay_parallelograms
D:2:      layout_basic, roderic_malta_cross
D:3:      minmay_wonky_spiral, layout_basic, uniq_natasha
D:4:      layout_loops_ring, mainiacjoe_overflow_chevrons,
          minmay_temple_entry_stoned_glass, nrook_mini_vaults,
          minmay_fountain_box, uniq_duvessa, uniq_sigmund, uniq_menkaure
D:5:      layout_loops_corners, grunt_temple_overflow_order_and_chaos_1,
          beargit_hepliaklqana_dungeon_heroes, kennysheep_mini,
          uniq_prince_ribbit1, uniq_ijyb
D:6:      layout_basic
D:7:      kennysheep_windowed_halls, layout_rooms,
          mainiacjoe_overflow_divided_tiny, st_stairs_11, minmay_ruffians,
          uniq_harold
D:8:      layout_loops_corners, mainiacjoe_overflow_boulevard,
          yredelemnul_altar_generic, minitemple, grunt_lair_entry_orc_guard_hut,
          uniq_erica
D:9:      layout_basic, lemuel_tele_altar
D:10:     layout_big_octagon, hiddenorc2_lemuel, minmay_misc_feat_diagonals,
          st_stairs_11
Temple:   chequers_temple_sunken

Skill      XL: |  1  2  3  4  5  6  7  8  9 10 |
---------------+-------------------------------+-----
Conjurations   | 2 3 4 5 6 7 9 |  9.5
Fire Magic     | 4 5 6 7 8 10 11 | 11.1
Fighting       | 1 2 3 5 6 |  6.6
Spellcasting   | 6 7 |  7.0
Hexes          | 2 |  2.2
Dodging        | 3 |  3.7
Shields        | 2 |  2.4
Stealth        | |  2.4

Action                   |  1- 3 |  4- 6 |  7- 9 | 10-12 || total
-------------------------+-------+-------+-------+-------++-------
Melee: Unarmed           |     5 |       |       |       ||     5
       Whip              |       |     5 |    24 |    19 ||    48
       Dagger            |       |       |    19 |       ||    19
 Cast: Foxfire           |    99 |   112 |   104 |    40 ||   355
       Sticky Flame      |       |       |    39 |    13 ||    52
       Fireball          |       |       |       |    33 ||    33
       Inner Flame       |       |       |       |     2 ||     2
  Use: Scroll            |     1 |     1 |    11 |     2 ||    15
 Stab: Sleeping          |       |       |     1 |       ||     1
Armor: Robe              |     2 |     2 |    16 |     8 ||    28
       Steam dragon scal |       |       |       |    18 ||    18
Dodge: Dodged            |    10 |     9 |    66 |    68 ||   153

Table legend: (Time is in decaauts)
 A = Elapsed time spent in this place.
 B = Non-inter-level travel time spent in this place.
 C = Inter-level travel time spent in this place.
 D = Time resting spent in this place.
 E = Time spent auto-exploring this place.
 F = Levels seen in this place.
 G = Mean time per level.
                   A        B        C        D        E       F      G
               +--------+--------+--------+--------+--------+-----+--------+
         Total |  11873 |  11373 |    500 |   1339 |   8341 |  11 | 1079.4 |
       Dungeon |  11667 |  11194 |    473 |   1339 |   8196 |  10 | 1166.7 |
        Temple |    206 |    180 |     26 |      0 |    145 |   1 |  206.0 |
               +--------+--------+--------+--------+--------+-----+--------+

Top non-repeatable levels by time:
     D:8: 2661 daAuts
     D:5: 1807 daAuts
     D:6: 1653 daAuts
     D:1: 1421 daAuts
     D:4: 1179 daAuts
     D:2: 856 daAuts
     D:7: 712 daAuts
     D:3: 592 daAuts
    D:10: 412 daAuts
     D:9: 369 daAuts
  Temple: 206 daAuts
